Map: Heavy Artillery LE

Players

Hoorly

  • Race: Zerg Zerg
  • League: Diamond

Guinness

  • Race: Terran Terran

qqq - Winner!

  • Race: Zerg Zerg

Massa - Winner!

  • Race: Terran Terran
  • League: Platinum

VOD

Have the link to the VOD?

Description

Time

  • Played on: April 26, 2021, 11:28 a.m.
  • Length: 15:45
Show
View Real Time Build Order
Export as new Build Order

Hoorly Zerg 

Build Orders: 3 Hatch before Pool 

Get SALT Encoding   

  12  0:02  Drone  
  13  0:12  Overlord  
  13  0:16  Drone  
  14  0:30  Drone x2  
  14  0:35  Drone  
  17  0:56  Drone  
  18  0:57  Hatchery  
  17  1:18  Drone  
  17  1:20  Hatchery  
  17  1:22  Drone  
  18  1:33  Extractor  
  18  1:38  Spawning Pool  
  16  1:41  Drone  
  16  1:43  Drone  
  16  1:46  Drone  
  19  1:55  Overlord  
  19  2:11  Drone x2  
  21  2:25  Queen x2  
  21  2:28  Overlord  
  25  2:32  Zergling x4  
  27  2:41  Metabolic Boost  
  27  2:42  Drone  
  28  2:44  Drone  
  29  2:53  Queen  
  31  3:02  Overlord  
  31  3:11  Drone x4  
  31  3:12  Drone  
  36  3:31  Drone x5  
  36  3:32  Drone x2  
  43  3:36  Roach Warren  
  41  3:49  Evolution Chamber  
  41  3:51  Evolution Chamber  
  41  3:52  Evolution Chamber  
  38  4:05  Evolution Chamber x2  
  38  4:07  Evolution Chamber  
  35  4:17  Evolution Chamber  
  35  4:20  Zergling x18  
  26  5:03  Zergling x2  
  26  5:04  Zergling x4  
  31  5:09  Hatchery  
  28  5:17  Hatchery  
  26  5:25  Lair  
  24  5:28  Roach Warren  
  24  5:35  Drone x2, Extractor  
  24  6:02  Drone x3  
  27  6:05  Hatchery  
  26  6:23  Spire  
  26  6:25  Drone  
  26  6:26  Overlord  
  26  6:28  Queen  
  28  6:38  Drone x2  
  31  6:40  Drone  
  31  6:58  Drone x4  
  35  7:06  Spore Crawler  
  34  7:14  Drone x3  
  37  7:36  Mutalisk  
  37  7:37  Mutalisk x4  
  37  7:42  Mutalisk  
  37  7:44  Mutalisk  
  49  7:49  Mutalisk  
  53  8:01  Drone x4  
  53  8:02  Drone x2  
  59  8:19  Drone  
  60  8:20  Drone x3, Extractor x2  
  61  8:27  Mutalisk  
  61  8:28  Mutalisk  
  65  8:51  Mutalisk  
  67  8:56  Drone x2  
  67  8:57  Drone  
  67  9:00  Drone  
  67  9:01  Drone  
  72  9:02  Overlord  
  72  9:03  Overlord x2  
  72  9:28  Mutalisk x2  
  72  9:29  Mutalisk  
  72  9:31  Drone x6  
  76  9:50  Mutalisk x2  
  80  9:54  Drone x4  
  82  10:29  Drone  
  82  10:30  Drone x8  
  82  10:32  Extractor  
  82  10:34  Extractor  
  89  10:38  Hatchery  
  89  10:39  Mutalisk x4  
  96  10:44  Overlord x4  
  96  10:45  Overlord  
  93  11:11  Drone x3  
  93  11:13  Roach x6  
  107  11:21  Infestation Pit  
  107  11:22  Evolution Chamber x2  
  107  11:24  Mutalisk x3  
  110  11:43  Drone  
  110  11:44  Drone x2  
  110  11:45  Extractor  
  112  11:47  Extractor  
  112  11:52  Roach x3  
  118  11:54  Drone x4  
  82  12:56  Hatchery  
  81  13:06  Hatchery  
  81  13:08  Hatchery  
  67  13:20  Mutalisk x6  
  67  13:24  Spore Crawler x2  
  54  13:56  Extractor  
  54  13:57  Extractor  
  20  15:08  Spawning Pool  
Show
View Real Time Build Order
Export as new Build Order

Guinness Terran 

Build Orders: 2 Factory, Reaper Expand 

Get SALT Encoding   

  12  0:00  SCV  
  13  0:12  SCV  
  14  0:18  Supply Depot  
  14  0:24  SCV  
  15  0:38  Refinery  
  15  0:39  SCV  
  16  0:47  Barracks  
  16  0:52  SCV  
  17  1:09  SCV  
  18  1:25  SCV  
  19  1:37  SCV  
  19  1:41  Command Center  
  19  1:55  Reaper  
  19  1:56  Supply Depot  
  20  2:04  Orbital Command  
  20  2:09  Refinery  
  20  2:31  SCV  
  21  2:43  SCV  
  22  2:48  Factory  
  22  2:55  SCV  
  24  3:02  Orbital Command  
  23  3:08  SCV  
  23  3:12  Factory  
  24  3:20  SCV  
  25  3:28  SCV  
  25  3:31  Supply Depot  
  25  3:32  SCV  
  27  3:37  Factory Reactor  
  27  3:40  SCV  
  28  3:42  Starport  
  28  3:44  SCV  
  29  3:52  SCV  
  30  3:56  SCV  
  30  4:03  Hellion  
  30  4:04  SCV  
  30  4:08  SCV  
  34  4:10  Supply Depot  
  34  4:14  Hellion  
  34  4:16  SCV, Supply Depot  
  37  4:38  Hellion x3  
  41  4:40  Starport Tech Lab  
  41  4:41  SCV  
  41  4:43  SCV  
  43  4:56  SCV x2  
  43  4:59  Hellion  
  49  5:00  Hellion x2  
  43  5:14  Banshee  
  43  5:15  Cloaking Field  
  43  5:21  Hellion x2  
  50  5:26  SCV, Hellion  
  50  5:27  SCV  
  54  5:29  Refinery  
  54  5:30  Refinery  
  54  5:38  SCV  
  54  5:42  Hellion  
  51  5:47  Hellion  
  53  5:57  Banshee  
  56  6:06  SCV  
  56  6:09  Factory Tech Lab  
  56  6:11  Hellion x2  
  61  6:24  SCV x2  
  63  6:32  Hellion  
  65  6:35  Engineering Bay  
  65  6:36  SCV  
  65  6:38  Supply Depot  
  66  6:42  Supply Depot  
  63  6:57  Siege Tank  
  63  6:58  Hellion x2  
  63  7:00  Liberator  
  63  7:01  SCV  
  74  7:02  Supply Depot  
  74  7:06  Supply Depot  
  74  7:19  SCV  
  74  7:20  SCV  
  76  7:27  Command Center  
  76  7:28  Hellion  
  76  7:29  Siege Tank  
  81  7:32  SCV x2  
  83  7:44  SCV x2  
  85  7:56  SCV x2, Hellion x2  
  91  8:01  Siege Tank  
  91  8:02  Missile Turret  
  91  8:04  Missile Turret  
  94  8:08  SCV x2  
  96  8:20  SCV  
  96  8:25  SCV  
  98  8:29  Hellion x2  
  102  8:34  Supply Depot  
  102  8:35  Siege Tank  
  102  8:38  SCV x2  
  102  8:39  Supply Depot  
  104  8:42  Orbital Command  
  104  8:50  Widow Mine x2, SCV  
  104  8:52  Starport Reactor  
  109  9:01  Sensor Tower  
  109  9:13  Missile Turret  
  109  9:14  Sensor Tower  
  109  9:22  Hellion x2, Siege Tank  
  109  9:23  Orbital Command  
  116  9:32  Missile Turret x2  
  116  9:38  Missile Turret  
  109  10:01  Hellion  
  109  10:02  Hellion, Siege Tank  
  109  10:03  Infernal Pre-Igniter, Missile Turret  
  109  10:04  SCV x2  
  109  10:05  SCV  
  119  10:13  Sensor Tower  
  119  10:16  SCV  
  119  10:17  SCV x2  
  122  10:23  Missile Turret  
  122  10:28  SCV  
  122  10:29  SCV x2  
  122  10:35  Widow Mine x2  
  129  10:41  SCV x3  
  129  10:42  Refinery  
  132  10:45  Refinery  
  132  10:50  Missile Turret  
  132  10:51  Missile Turret  
  132  10:53  SCV  
  132  10:54  Missile Turret  
  133  11:00  Sensor Tower  
  133  11:06  Supply Depot  
  133  11:08  Supply Depot  
  133  11:10  Supply Depot  
  133  11:14  Supply Depot  
  133  11:18  Starport  
  133  11:23  Missile Turret  
  133  11:24  Missile Turret x2  
  133  11:25  Missile Turret  
  133  11:26  Missile Turret x3  
  133  11:27  Missile Turret  
  133  11:28  SCV x3, Viking x2  
  140  11:35  Command Center  
  140  11:37  Command Center  
  140  11:51  Missile Turret  
  140  11:53  Command Center, Missile Turret  
  140  11:54  Missile Turret  
  140  11:55  Missile Turret  
  140  11:56  Command Center  
  140  11:57  Command Center  
  140  12:08  Neosteel Armor  
  140  12:12  Missile Turret  
  140  12:31  SCV x3  
  143  12:37  Siege Tank  
  143  12:39  Hellion x2  
  150  12:44  Factory  
  150  12:45  Starport Reactor  
  150  12:47  Factory  
  150  12:50  Missile Turret x2  
  150  12:51  Starport  
  150  12:59  Armory  
  150  13:00  Armory  
  150  13:03  Viking x2  
  154  13:11  Planetary Fortress x2  
  154  13:12  Missile Turret x2  
  154  13:13  Orbital Command  
  154  13:15  Refinery, Missile Turret x2  
  154  13:16  Refinery  
  154  13:18  Siege Tank  
  157  13:25  Missile Turret  
  157  13:26  Missile Turret  
  157  13:28  Missile Turret  
  157  13:29  Missile Turret  
  157  13:32  Missile Turret  
  157  13:33  Viking, Missile Turret  
  156  13:42  Factory Tech Lab  
  156  13:44  Factory Tech Lab  
  156  13:46  Starport Reactor, Viking x2  
  156  13:47  Viking  
  155  13:50  Siege Tank  
  155  13:51  Missile Turret  
  108  14:19  SCV  
  106  14:25  Viking x4, Missile Turret  
  106  14:26  Viking x2  
  106  14:28  Siege Tank  
  121  14:33  Siege Tank  
  124  14:40  SCV x2  
  116  14:55  Viking  
  101  15:10  SCV x2  
Show
View Real Time Build Order
Export as new Build Order

qqq Zerg - Winner!

Build Orders: Hatch First 

Get SALT Encoding   

  12  0:00  Drone  
  13  0:09  Drone  
  14  0:24  Overlord  
  14  0:44  Hatchery  
  14  0:47  Drone  
  14  0:51  Drone  
  15  1:00  Drone x2  
  17  1:26  Extractor, Spawning Pool  
  15  1:36  Drone x3  
  18  1:58  Drone x3  
  21  2:15  Queen x2  
  25  2:17  Drone  
  25  2:20  Overlord  
  25  2:22  Drone x2  
  28  2:32  Overlord  
  28  2:34  Metabolic Boost  
  28  2:39  Zergling x2  
  28  2:40  Zergling x2  
  28  2:42  Zergling x2  
  31  2:55  Zergling x4  
  33  3:03  Zergling x4  
  35  3:12  Zergling x2  
  36  3:13  Zergling x2  
  37  3:22  Zergling x2, Evolution Chamber  
  37  3:30  Zergling x4  
  37  3:31  Zergling x4  
  41  3:38  Zergling x2  
  41  3:39  Overlord  
  42  3:42  Drone, Hatchery  
  42  3:44  Zergling x2  
  43  3:51  Zergling x2  
  43  3:55  Overlord  
  44  4:02  Zergling x6  
  46  4:06  Zergling x2  
  46  4:07  Zergling x2  
  46  4:10  Zergling x2  
  46  4:20  Zergling x6  
  46  4:23  Zergling x4  
  49  4:37  Zergling x4  
  50  4:42  Zergling x2  
  49  4:47  Zerg Melee Weapons Level 1  
  49  4:48  Lair  
  47  4:58  Zergling x2  
  47  4:59  Zergling x4  
  45  5:10  Zergling x4  
  45  5:11  Zergling x2  
  45  5:17  Zergling x8  
  45  5:18  Zergling x4  
  45  5:19  Zergling x2  
  52  5:26  Zergling x2  
  52  5:41  Zergling x6  
  49  5:59  Infestation Pit  
  49  6:02  Hydralisk Den  
  45  6:12  Overseer  
  45  6:17  Spore Crawler  
  44  6:19  Spore Crawler  
  44  6:22  Drone x3, Spore Crawler  
  44  6:23  Drone x6  
  51  6:29  Extractor  
  50  6:34  Pneumatized Carapace  
  50  6:38  Drone x2  
  52  6:49  Queen  
  52  6:51  Spore Crawler  
  53  7:00  Drone x3  
  56  7:15  Drone x4, Hydralisk, Lurker Den  
  61  7:27  Hydralisk x2  
  65  7:49  Overlord x3  
  65  7:50  Overlord x3  
  65  7:54  Muscular Augments  
  65  8:23  Drone x3  
  65  8:24  Drone x7  
  65  8:25  Drone x6  
  81  8:35  Spire  
  81  8:41  Hydralisk x2  
  83  8:49  Spore Crawler  
  81  8:56  Spore Crawler  
  81  8:57  Extractor, Spore Crawler  
  81  9:00  Extractor  
  81  9:01  Extractor  
  81  9:02  Spore Crawler  
  75  9:04  Spore Crawler  
  75  9:05  Drone x6  
  75  9:07  Drone x2  
  82  9:10  Overlord  
  66  9:34  Extractor  
  66  9:35  Hive  
  66  9:37  Hydralisk  
  66  9:38  Hydralisk  
  61  9:55  Overlord x3  
  61  9:56  Overlord  
  61  9:57  Drone x3  
  61  9:58  Drone x4  
  68  10:02  Spore Crawler  
  68  10:06  Extractor  
  65  10:18  Hydralisk x2  
  65  10:19  Hydralisk  
  65  10:21  Queen  
  72  10:30  Extractor, Drone  
  72  10:31  Drone x7  
  79  10:50  Spire  
  79  10:57  Queen  
  80  11:12  Hydralisk x2  
  80  11:13  Drone x7  
  91  11:26  Viper  
  91  11:32  Viper  
  97  11:33  Hatchery  
  97  11:34  Drone  
  97  11:35  Drone x2  
  97  11:39  Queen  
  101  12:00  Spore Crawler  
  100  12:03  Mutalisk  
  100  12:04  Mutalisk x2  
  106  12:24  Mutalisk x3  
  107  12:40  Overlord x3  
  107  12:41  Overlord x3  
  107  12:46  Mutalisk x3  
  113  12:56  Zerg Flyer Weapons Level 1  
  113  13:04  Mutalisk  
  114  13:11  Mutalisk  
  116  13:14  Overlord  
  116  13:15  Drone, Overlord x2  
  116  13:16  Drone x2  
  111  13:46  Mutalisk  
  111  13:47  Mutalisk x4  
  120  14:00  Mutalisk  
  120  14:01  Mutalisk x2  
  124  14:03  Drone x3, Zergling x8  
  124  14:04  Drone x4  
  125  14:30  Mutalisk x4  
  125  14:31  Mutalisk  
  124  14:38  Mutalisk  
  124  14:39  Overlord  
  124  14:40  Hatchery, Overlord x4  
  124  14:41  Drone  
  126  14:54  Hatchery  
  117  15:06  Mutalisk x3  
  121  15:08  Drone x3, Zergling x6  
  121  15:09  Zergling x2  
  128  15:26  Hatchery  
  128  15:27  Spire  
Show
View Real Time Build Order
Export as new Build Order

Massa Terran - Winner!

Build Orders: Reaper Expand 

Get SALT Encoding   

  12  0:00  SCV  
  13  0:12  SCV  
  14  0:22  Supply Depot  
  14  0:24  SCV  
  15  0:44  SCV  
  15  0:45  Barracks  
  15  0:47  Refinery  
  16  0:56  SCV  
  17  1:08  SCV  
  18  1:20  SCV  
  19  1:32  Orbital Command  
  19  1:34  Reaper  
  20  1:46  Command Center  
  20  1:53  Supply Depot  
  20  1:58  SCV  
  21  2:08  Marine  
  22  2:10  SCV  
  23  2:17  Factory  
  23  2:22  SCV  
  24  2:45  Barracks Tech Lab  
  24  2:51  SCV  
  25  3:01  Supply Depot  
  25  3:02  Hellion  
  25  3:03  SCV  
  28  3:05  Stimpack  
  28  3:06  Marine  
  28  3:12  Orbital Command  
  29  3:15  Barracks  
  29  3:16  SCV, Barracks  
  30  3:23  Marine  
  30  3:24  Refinery  
  31  3:28  SCV  
  31  3:30  Hellion, Engineering Bay  
  34  3:38  SCV  
  34  3:40  SCV  
  36  3:47  Marine  
  37  3:50  SCV  
  38  4:04  Marine  
  38  4:09  Hellion  
  41  4:10  Marine x2  
  43  4:22  Marine  
  44  4:28  Marine x2  
  46  4:40  Marine  
  47  4:46  Marine x2  
  49  4:59  Hellion, Marauder  
  50  5:04  Marine x2  
  50  5:20  Marauder  
  50  5:21  Hellion  
  54  5:30  Barracks Reactor  
  54  5:31  Terran Infantry Weapons Level 1  
  54  5:36  Command Center  
  54  5:37  Barracks  
  54  5:39  Supply Depot  
  54  5:40  Barracks, Supply Depot x2  
  54  5:41  Supply Depot  
  54  5:42  Supply Depot  
  54  5:45  Supply Depot  
  54  5:54  Marine  
  54  6:01  SCV x2, Marauder  
  54  6:03  Hellion  
  60  6:10  Missile Turret  
  60  6:12  Marine, Missile Turret  
  60  6:13  SCV x2  
  60  6:15  Missile Turret  
  63  6:19  Marine x2, Missile Turret  
  63  6:22  Combat Shield  
  63  6:23  Marauder  
  63  6:25  SCV x2  
  69  6:30  Marine  
  69  6:32  Barracks Reactor, Barracks Tech Lab  
  70  6:35  Factory Tech Lab  
  70  6:37  SCV x2, Marine x2  
  74  6:43  Armory  
  74  6:44  Marauder  
  74  6:46  Missile Turret  
  76  6:49  SCV x2  
  78  6:58  Starport  
  78  7:05  Marauder  
  78  7:19  Siege Tank  
  79  7:30  Marine x2  
  79  7:31  Marine x5  
  86  7:38  SCV x2  
  88  7:48  Marine x3  
  88  7:50  SCV x2  
  93  7:51  Siege Tank  
  96  8:01  Concussive Shells  
  96  8:02  Terran Infantry Armor Level 1, Missile Turret, SCV x2  
  98  8:06  Refinery  
  98  8:07  Refinery  
  98  8:13  Engineering Bay  
  98  8:14  SCV x2  
  98  8:15  Marine  
  98  8:16  Marine x3  
  98  8:17  Barracks Tech Lab  
  101  8:44  Planetary Fortress  
  101  8:45  SCV  
  101  8:46  SCV  
  103  8:52  Missile Turret  
  103  8:58  SCV x2  
  105  9:10  SCV x2  
  104  9:18  Marauder  
  104  9:19  Marauder  
  104  9:20  Barracks Tech Lab, Marine x4  
  104  9:22  SCV x2, Siege Tank  
  117  9:45  Supply Depot  
  117  9:47  Starport Reactor, Supply Depot  
  117  9:48  Supply Depot  
  117  9:49  Supply Depot x2  
  117  9:51  Marine x2, Supply Depot  
  117  9:52  Marauder, Supply Depot  
  117  9:54  SCV x2  
  117  9:56  Supply Depot  
  117  9:57  Marauder  
  113  10:07  Thor  
  113  10:10  Marine  
  113  10:11  Marine x4  
  113  10:12  Terran Infantry Weapons Level 2  
  113  10:13  Marauder  
  123  10:18  Missile Turret  
  123  10:19  Marauder  
  125  10:22  SCV x2, Missile Turret  
  125  10:23  SCV  
  125  10:24  Missile Turret  
  125  10:25  Refinery  
  125  10:26  Refinery  
  128  10:28  Marine  
  128  10:29  Marine  
  128  10:31  Medivac x2  
  128  10:34  SCV x2  
  128  10:35  SCV  
  137  10:37  Marine x4  
  137  10:40  Marine  
  142  10:46  Marine x2, Supply Depot x2  
  142  10:48  Supply Depot  
  142  10:49  Supply Depot  
  144  10:50  Thor  
  144  10:55  Marine  
  151  11:01  Medivac  
  151  11:03  Command Center  
  153  11:08  Missile Turret  
  153  11:10  Supply Depot  
  153  11:11  Sensor Tower, Supply Depot  
  153  11:12  Supply Depot  
  153  11:13  Supply Depot  
  153  11:16  Terran Infantry Armor Level 2, Sensor Tower  
  153  11:24  Terran Vehicle And Ship Armor Level 1  
  153  11:32  Medivac  
  153  11:34  Medivac  
  153  11:36  Supply Depot  
  157  12:05  Command Center  
  154  13:11  Thor  
  154  13:12  Marine x7  
  164  13:29  Marine  
  164  13:30  Marine x6  
  142  14:06  Marine  
  137  14:22  Planetary Fortress  
  137  14:30  SCV  
  137  14:31  Missile Turret  
  138  14:33  SCV x2, Missile Turret  
  138  14:35  Thor  
  138  14:36  Marine  
  138  14:37  Marine x6  
  152  14:42  SCV  
  152  14:45  SCV x2  
  153  14:54  Marine  
Tags
 
Add a new tag
Caveats
  • Supply blocks, unpowered buildings, or Contaminate may cause inaccurate times.
  • Supply counts are checked every 10 seconds.